 Dungeon Crawl Stone Soup version 0.24.1-8-ga250c9d538 (webtiles) character file.

Game seed: 14718961891102228884, levelgen mode: deterministic

216626 Peloso the Peltast (level 18, -3/142 HPs)
             Began as a Demonspawn Fighter on May 2, 2020.
             Was the Champion of Okawaru.
             Killed by the air
             ... invoked by a wind drake
              (18 damage)
             ... on level 3 of the Shoals on May 3, 2020.
             The game lasted 02:30:11 (39238 turns).

Peloso the Peltast (Demonspawn Fighter)            Turns: 39238, Time: 02:30:11

Health: -3/142     AC: 29    Str: 35    XL:     18   Next: 36%
Magic:  0/21       EV: 13    Int: 13    God:    Okawaru [******]
Gold:   2462       SH: 18    Dex: 16    Spells: 17/17 levels left

rFire    . . .     SeeInvis .   a - +9 falchion "Sewec" {vamp, Str+4}
rCold    . . .     Gourm    +   c - +1 shield {reflect}
rNeg     + + +     Faith    .   Y - +8 chain mail "Jybeycwomy" {rN+ rCorr Stlth+}
rPois    +         Spirit   +   C - +2 hat of the Evening Star {Str+6 Dex+3}
rElec    +         Reflect  +   Q - +2 cloak {rPois}
rCorr    +         Harm     .   (gloves unavailable)
MR       +....                  U - +0 pair of boots {Fly}
Stlth    ..........             W - amulet of the gourmand
HPRegen  0.33/turn              q - ring "Juacop" {rElec rN++ Str+2 Stlth-}
MPRegen  0.34/turn              F - ring "Bufu" {+Blink rN+ Int+2 Slay+3}

@: marked, flying, mesmerised, hasted and slowed
A: claws 3, molten scales 1, foul stench 2, magic shield, magic regeneration,
rot immunity
}: 1/15 runes: gossamer
a: Heroism, Finesse, Renounce Religion, Evoke Blink, Stop Flying


You were on level 3 of the Shoals.
You worshipped Okawaru.
Okawaru was exalted by your worship.
You were not hungry.

You visited 6 branches of the dungeon, and saw 31 of its levels.
You also visited: Sewer, Ossuary and Gauntlet.

You collected 3350 gold pieces.
You spent 888 gold pieces at shops.

Inventory:

Hand Weapons
 a - the +9 falchion "Sewec" (weapon) {vamp, Str+4}
   (You bought it in a shop on level 2 of the Orcish Mines)

   It inflicts no extra harm, but heals its wielder when it wounds a living foe.
   It affects your strength (+4).
 b - a +2 vampiric double sword
 i - a +4 scimitar of flaming
 k - a +1 demon blade of pain
Armour
 c - a +1 shield of reflection (worn)
 r - the +2 pair of gloves "Zaas" {rC++ rCorr Dex+4}
   (Okawaru gifted it to you on level 3 of the Spider Nest)

   It affects your dexterity (+4).
   It greatly protects you from cold.
   It provides partial protection from all sources of acid and corrosion.
 w - a +1 shield of fire resistance
 C - the +2 hat of the Evening Star (worn) {Str+6 Dex+3}
   (You found it in a Gauntlet)

   It affects your strength (+6).
   It affects your dexterity (+3).
 G - a scarf of resistance
 Q - a +2 cloak of poison resistance (worn)
 U - a +0 pair of boots of flying (worn)
 V - a +2 cloak of magic resistance
 Y - the +8 chain mail "Jybeycwomy" (worn) {rN+ rCorr Stlth+}
   (Okawaru gifted it to you on level 3 of the Spider Nest)

   It protects you from negative energy.
   It provides partial protection from all sources of acid and corrosion.
   It makes you more stealthy.
Jewellery
 o - an uncursed ring of magical power
 q - the ring "Juacop" (left claw) {rElec rN++ Str+2 Stlth-}
   (You found it on level 15 of the Dungeon)

   [ring of strength]

   It affects your strength (+2).
   It insulates you from electricity.
   It greatly protects you from negative energy.
   It makes you less stealthy.
 z - a cursed -5 ring of evasion {unknown}
 F - the ring "Bufu" (right claw) {+Blink rN+ Int+2 Slay+3}
   (You found it in a Gauntlet)

   [ring of positive energy]

   It affects your intelligence (+2).
   It affects your accuracy and damage with ranged weapons and melee attacks
   (+3).
   It protects you from negative energy.
   It lets you blink.
 H - the brooch of Shielding {Reflect SH+8}
   (You took it off a tengu reaver on level 11 of the Dungeon)

   [amulet of reflection]

   It shields you and reflects attacks.
   It affects your SH (+8).
 M - an uncursed ring of see invisible
 W - an amulet of the gourmand (around neck)
 Z - an uncursed ring of protection from cold
Wands
 d - a wand of paralysis (4)
 l - a wand of digging (7)
 n - a wand of iceblast (9)
 I - a wand of acid (2)
Scrolls
 e - 19 scrolls of remove curse
 g - 6 scrolls of identify
 m - 2 scrolls of noise
 t - a scroll of brand weapon
 u - 4 scrolls of magic mapping
 v - a scroll of fog
 y - 10 scrolls of teleportation
 D - a scroll of acquirement
 S - 2 scrolls of blinking
Potions
 j - 9 potions of curing
 p - 4 potions of resistance
 s - 3 potions of might
 x - a potion of ambrosia
 A - 4 potions of haste
 B - 2 potions of heal wounds
 E - a potion of brilliance
 N - a potion of berserk rage
 P - 3 potions of agility
Miscellaneous
 h - a box of beasts
Comestibles
 f - 46 rations


   Skills:
 + Level 12.9 Fighting
 + Level 15.4 Long Blades
 + Level 11.9 Armour
 + Level 5.4 Dodging
 + Level 3.0 Stealth
 + Level 19.4 Shields
 + Level 4.5 Invocations
 + Level 1.0 Evocations


You had 17 spell levels left.
You didn't know any spells.
Your spell library contained the following spells:

 Spells                   Type           Power        Failure   Level  Hunger
 Animate Skeleton         Necr           N/A          67%         1    ##.....
 Beastly Appendage        Tmut           #.....       67%         1    ##.....
 Confusing Touch          Hex            #.....       67%         1    ##.....
 Corona                   Hex            #......      67%         1    ##.....
 Flame Tongue             Conj/Fire      #....        67%         1    ##.....
 Freeze                   Ice            #...         67%         1    ##.....
 Magic Dart               Conj           #...         67%         1    ##.....
 Pain                     Necr           #...         67%         1    ##.....
 Sting                    Conj/Pois      #...         67%         1    ##.....
 Blink                    Tloc           N/A          82%         2    ###....
 Call Imp                 Summ           #.......     82%         2    ###....
 Corpse Rot               Necr           N/A          82%         2    ###....
 Ensorcelled Hibernation  Hex/Ice        #.....       82%         2    ###....
 Poisonous Vapours        Pois/Air       #.....       82%         2    ###....
 Slow                     Hex            #.......     82%         2    ###....
 Sticks to Snakes         Tmut           #.......     82%         2    ###....
 Throw Flame              Conj/Fire      #.....       82%         2    ###....
 Throw Frost              Conj/Ice       #.....       82%         2    ###....
 Confuse                  Hex            #.......     96%         3    ####...
 Conjure Flame            Conj/Fire      #.......     96%         3    ####...
 Dazzling Spray           Conj/Hex       #.....       96%         3    ####...
 Gell's Gravitas          Tloc           #.........   96%         3    ####...
 Inner Flame              Hex/Fire       #.......     96%         3    ####...
 Mephitic Cloud           Conj/Pois/Air  #.......     96%         3    ####...
 Ozocubu's Armour         Chrm/Ice       #.......     96%         3    ####...
 Regeneration             Chrm/Necr      #.........   96%         3    ####...
 Spider Form              Tmut/Pois      #.........   96%         3    ####...
 Stone Arrow              Conj/Erth      #.....       96%         3    ####...
 Tukima's Dance           Hex            #.......     96%         3    ####...
 Vampiric Draining        Necr           #.........   96%         3    ####...
 Animate Dead             Necr           N/A          100%        4    #####..
 Ice Form                 Ice/Tmut       #.......     100%        4    #####..
 Leda's Liquefaction      Hex/Erth       #.........   100%        4    #####..
 Olgreb's Toxic Radiance  Pois           #.......     100%        4    #####..
 Petrify                  Tmut/Erth      #.......     100%        4    #####..
 Sticky Flame             Conj/Fire      #.......     100%        4    #####..
 Summon Ice Beast         Ice/Summ       #.......     100%        4    #####..
 Throw Icicle             Conj/Ice       #.......     100%        4    #####..
 Blade Hands              Tmut           #.........   100%        5    ######.
 Fireball                 Conj/Fire      #.........   100%        5    ######.
 Metabolic Englaciation   Hex/Ice        #.........   100%        5    ######.
 Summon Forest            Summ/Tloc      #.........   100%        5    ######.
 Venom Bolt               Conj/Pois      #.........   100%        5    ######.
 Yara's Violent Unravell  Hex/Tmut       #.........   100%        5    ######.
 Hydra Form               Tmut           #.........   100%        6    #######
 Iron Shot                Conj/Erth      #.........   100%        6    #######
 Summon Hydra             Summ           #.........   100%        7    #######


Dungeon Overview and Level Annotations

Branches:
Dungeon (15/15)            Temple (1/1) D:7            Lair (6/6) D:8
 Shoals (3/4) Lair:3       Spider (4/4) Lair:3        Slime (0/5) Lair:5
    Orc (2/2) D:9             Elf (0/3) Orc:2        Vaults (0/5) D:13
 Depths (0/5) D:15          Sewer (visited)         Ossuary (visited)
Gauntlet (visited)

Altars:
Ashenzari
Cheibriados
Dithmenos
Elyvilon
Fedhas
Gozag
Hepliaklqana
Kikubaaqudgha
Makhleb
Nemelex Xobeh
Okawaru
Qazlal
Ru
Sif Muna
Trog
Uskayaw
Vehumet
Wu Jian
Xom
Yredelemnul
Zin
The Shining One
Beogh
Jiyva

Shops:
D:9 [   D:10 ?(:*   D:11 }   D:12 (   D:15 (??   Orc:2 =([*   Shoals:2 *

Portals:
Trove: D:10 (give +5 ice dragon scales)

Annotations:
Lair:5 1 runed translucent door


Innate Abilities, Weirdness & Mutations

You have claws for hands.
You are partially covered in molten scales. (AC +2)
You frequently emit foul miasma when damaged in melee.
When hurt, damage is shared between your health and your magic reserves.
You regenerate magic rapidly.
You are immune to rotting.


Message History

The tentacle slaps you!
* * * LOW HITPOINT WARNING * * *
The sea snake closely misses you. You block the sea snake's attack.
The merfolk avatar chants its luring song.
The manticore closely misses you. x2; The manticore barely misses you.
The faun splashes around in the water.
You block the tentacle's attack. The merfolk closely misses you.
A tentacle comes into view.
You slice the manticore!!
You feel better.
The manticore is heavily wounded.
You block the tentacle's attack. x2; You block the merfolk's attack.
The tentacle slaps you.
* * * LOW HITPOINT WARNING * * *
You emit a cloud of foul miasma!
The sea snake barely misses you. The sea snake bites you!
* * * LOW HITPOINT WARNING * * *
You emit a cloud of foul miasma!
The wind drake flaps its wings at you.
The air twists around and violently strikes you in flight!!
You die...

.≈≈≈≈≈...###.
X≈≈≈≈≈≈≈≈≈≈≈≈≈≈≈≈...#..P
≈≈≈≈≈≈≈≈≈≈≈≈≈≈≈≈≈≈<....P
≈≈≈≈≈≈≈≈≈≈≈≈≈≈≈≈≈≈≈≈P.P.
≈≈≈≈≈≈≈≈≈≈≈H≈≈≈..≈≈≈≈.P.
\.≈≈$≈≈....#......≈≈≈≈..
..≈≈S\H..##.###.≈≈PP..
#*wSwcm...###<.....P
..\##w@Skc.m...........
.....m○Hcm......[>...###
≈≈≈≈≈≈≈c.m≈≈≈........#
≈≈≈≈≈≈≈≈≈≈...........#
≈≈≈≈≈≈≈≈≈.###........#
≈≈≈≈≈≈≈≈≈.# ##.......##
≈≈≈≈≈≈≈≈≈.. #........#
≈≈≈≈≈≈≈≈≈≈.............+
≈≈≈...≈≈≈≈≈..........##


You could see a kraken, a merfolk avatar, 3 sea snakes, a wind drake, 2 merfolk,
4 fauns, 2 manticores, 3 tentacles, 2 merfolk sirens and a harpy.

Vanquished Creatures
  Mara (Spider:3)
  Bai Suzhen (Spider:3)
  Saint Roka (Orc:2)
  Arachne (Spider:3)
  A kraken (Shoals:2)
  A tengu reaver (D:11)
  2 frost giants (D:15)
  An orc warlord (Orc:2)
  8 ghost moths
  5 emperor scorpions
  A very ugly thing (D:15)
  4 entropy weavers
  Azrael (D:15)
  A minotaur (Gauntlet)
  A dire elephant (Lair:6)
  The ghost of terminal the Cleaver, a journeyman MiBe of Trog (D:14)
  A spark wasp (Spider:4)
  A merfolk javelineer (Shoals:2)
  A yaktaur captain (D:15)
  Josephine (D:12)
  Fannar (D:12)
  2 great orbs of eyes (D:15)
  2 fire dragons
  5 vault guards
  An ogre mage (D:15)
  A merfolk avatar (Shoals:1)
  13 hydras
  3 centaur warriors
  4 catoblepae
  A satyr (Shoals:2)
  7 two-headed ogres
  4 death yaks (Lair:6)
  Erica (D:9)
  2 deep troll shamans
  The ghost of releu the Poker, a novice CeWr of Makhleb (D:10)
  4 tengu warriors (D:15)
  Urug (D:11)
  An orc high priest (Orc:2)
  6 sea snakes
  5 skeletal warriors
  5 wizards
  3 unseen horrors
  A harpy (shapeshifter) (D:15)
  15 harpies
  22 wolf spiders
  2 wolf spider zombies
  3 deep elf magi
  3 orc knights (Orc:2)
  A necromancer (D:13)
  18 orb spiders
  Pikel (D:5)
  9 fauns
  An oklob plant (D:11)
  3 orc sorcerers (Orc:2)
  4 cyclopes
  9 elephants
  5 ugly things
  7 manticores
  Maurice (D:12)
  A moth of wrath (Spider:3)
  5 black mambas
  3 merfolk sirens
  8 spiny frogs
  6 water nymphs
  5 gargoyles
  5 torpor snails
  A kobold demonologist (D:7)
  7 komodo dragons
  2 rime drakes
  A minotaur zombie (Gauntlet)
  A yaktaur (D:15)
  4 efreet
  14 demonic crawlers
  A tengu conjurer (D:15)
  2 freezing wraiths
  10 merfolk
  A queen bee (shapeshifter) (D:15)
  A polar bear (Lair:6)
  34 jumping spiders
  A harpy skeleton (D:15)
  14 trolls
  10 hornets
  6 dream sheep (Lair:6)
  8 blink frogs
  A slime creature (D:15)
  3 snapping turtles (Shoals:1)
  10 hippogriffs
  2 shadows
  66 redbacks
  Sigmund (D:6)
  A spriggan (D:15)
  39 tarantellas
  11 basilisks
  7 fire elementals
  A water elemental (Shoals:2)
  30 yaks
  8 wraiths
  A steam dragon (shapeshifter) (D:9)
  20 humans (D:13)
  8 vampire mosquitoes
  2 hungry ghosts
  Menkaure (D:6)
  Edmund (D:6)
  10 wargs
  2 acid dragons
  2 floating eyes (D:15)
  7 hell hounds
  18 water moccasins
  14 porcupines
  Duvessa (D:4)
  7 ice beasts
  32 orc warriors
  A hornet zombie (D:14)
  A sky beast (D:3)
  3 necrophages
  A black bear (Lair:6)
  10 ogres
  6 phantoms
  8 wolves
  5 centaurs
  14 crocodiles
  15 big kobolds
  15 bullfrogs
  A wyvern zombie (D:6)
  Dowan (D:4)
  A water moccasin skeleton (D:8)
  19 killer bees
  3 scorpions
  2 electric eels
  23 wights
  3 howler monkeys (D:12)
  An oklob sapling (D:11)
  4 bullfrog zombies
  12 crimson imps
  7 hounds
  A quasit (D:7)
  2 bullfrog skeletons (D:12)
  9 jellies
  Crazy Yiuf (D:4)
  3 centaur zombies
  24 orc priests
  6 centaur skeletons
  3 iron imps (D:9)
  4 iguanas
  Ijyb (D:5)
  Natasha (thrice) (D:3)
  20 orc wizards
  14 worker ants
  A big kobold zombie (Ossuary)
  2 hound skeletons
  8 mummies (Ossuary)
  7 worker ant zombies
  17 adders
  10 shadow imps
  6 oozes
  An adder skeleton (D:4)
  2 adder zombies
  2 worms
  2 dart slugs
  2 leopard geckos
  55 orcs
  11 ball pythons
  8 bats
  5 giant cockroaches
  3 goblins
  11 hobgoblins
  14 jackals
  40 kobolds
  6 quokkas
  7 frilled lizards
  3 gnoll zombies (Ossuary)
  A hobgoblin zombie (Ossuary)
  5 jackal zombies (D:5)
  3 kobold zombies (Ossuary)
  A quokka zombie (D:5)
  4 rats
  A fungus (Lair:1)
  15 plants
  3 tentacles (Shoals:2)
1173 creatures vanquished.

Vanquished Creatures (others)
  Nessos (D:12)
  2 cyclopes (D:12)
  A yak (Lair:6)
  2 tarantellas (Spider:4)
  6 centaurs
  A crimson imp (D:15)
  A jelly (D:12)
  4 orcs
  A giant cockroach (D:5)
  A quokka (D:5)
  A jackal zombie (D:5)
  A leopard gecko zombie (D:5)
  8 fungi
  18 plants
  7 tentacles
  A withered plant (Shoals:1)
56 creatures vanquished.

Grand Total: 1229 creatures vanquished

Notes
Turn   | Place    | Note
-------+----------+-------------------------------------------
     0 | D:1      | Peloso the Demonspawn Fighter began the quest for the Orb.
     0 | D:1      | Reached XP level 1. HP: 18/18 MP: 1/1
   289 | D:1      | Gained mutation: You are immune to rotting. [demonic
                  | ancestry]
   289 | D:1      | Reached XP level 2. HP: 24/24 MP: 2/2
   879 | D:2      | You fall into a shaft and drop 2 floors!
   963 | D:4      | Noticed Duvessa
   963 | D:4      | Noticed Dowan
   963 | D:4      | Noticed a phantom
   974 | D:4      | Reached skill level 3 in Shields
   974 | D:4      | Gained mutation: You may emit foul miasma when damaged in
                  | melee. [demonic ancestry]
   974 | D:4      | Reached XP level 3. HP: 23/29 MP: 3/3
   978 | D:4      | Killed Duvessa
   978 | D:4      | Reached XP level 4. HP: 11/35 MP: 4/4
   985 | D:4      | Killed Dowan
   985 | D:4      | Gained mutation: You frequently emit foul miasma when
                  | damaged in melee. [demonic ancestry]
   985 | D:4      | Reached XP level 5. HP: 12/41 MP: 5/5
   991 | D:4      | Killed a phantom
   991 | D:4      | Reached skill level 1 in Dodging
  1006 | D:4      | Reached XP level 6. HP: 16/47 MP: 6/6
  1322 | D:4      | Reached skill level 4 in Shields
  1794 | D:3      | Reached XP level 7. HP: 50/53 MP: 7/7
  2092 | D:2      | Found an ancient bone altar of Kikubaaqudgha.
  2331 | D:2      | Found a faded altar of an unknown god.
  2484 | D:3      | Noticed Natasha
  2525 | D:3      | Killed Natasha
  2680 | D:3      | Found a glowing silver altar of Zin.
  2680 | D:3      | Noticed an angel
  2713 | D:3      | Noticed Natasha
  2721 | D:3      | Killed Natasha
  2982 | D:3      | Noticed Natasha
  2990 | D:3      | Killed Natasha
  3595 | D:4      | Found a runed translucent door.
  3604 | D:4      | Got an iridescent mace
  3611 | D:4      | Identified the +1 mace of Profit {venom, +Blink rF+ Int+2}
                  | (You found it on level 4 of the Dungeon)
  3615 | D:4      | Noticed Crazy Yiuf
  3632 | D:4      | Killed Crazy Yiuf
  3709 | D:5      | Entered Level 5 of the Dungeon
  3756 | D:5      | Reached skill level 5 in Long Blades
  3779 | D:5      | Noticed Pikel
  3817 | D:5      | Killed Pikel
  3817 | D:5      | Reached skill level 5 in Shields
  3817 | D:5      | Reached XP level 8. HP: 42/60 MP: 8/8
  3949 | D:5      | Noticed Ijyb
  3953 | D:5      | Killed Ijyb
  3970 | D:5      | Found a glowing drain.
  3985 | Sewer    | Entered a sewer
  5471 | D:6      | Found a sand-covered staircase.
  5497 | D:6      | Reached skill level 5 in Armour
  5507 | Ossuary  | Entered an ossuary
  5578 | Ossuary  | Reached skill level 6 in Shields
  5886 | D:6      | Noticed Sigmund
  5903 | D:6      | Killed Sigmund
  5903 | D:6      | Gained mutation: When hurt, damage is shared between your
                  | health and your magic reserves. [demonic ancestry]
  5903 | D:6      | Reached XP level 9. HP: 66/66 MP: 9/9
  5973 | D:6      | Reached skill level 5 in Fighting
  6145 | D:6      | Found a shimmering altar of Xom.
  6157 | D:6      | Noticed Edmund
  6182 | D:6      | Killed Edmund
  6247 | D:6      | Noticed a gargoyle
  6259 | D:6      | Killed a gargoyle
  6313 | D:6      | Noticed Menkaure
  6320 | D:6      | Killed Menkaure
  6634 | D:6      | Found a sacrificial altar of Ru.
  6720 | D:7      | Reached skill level 7 in Shields
  6753 | D:7      | Noticed a two-headed ogre
  6762 | D:7      | Killed a two-headed ogre
  6909 | D:7      | Reached XP level 10. HP: 71/76 MP: 10/10
  7070 | D:7      | Reached skill level 8 in Shields
  7185 | D:7      | Found a staircase to the Ecumenical Temple.
  7255 | Temple   | Entered the Ecumenical Temple
  7467 | D:7      | Found a shadowy altar of Dithmenos.
  8614 | D:8      | Found a staircase to the Lair.
  8751 | D:8      | Reached skill level 9 in Shields
  9877 | D:9      | Noticed a two-headed ogre
  9888 | D:9      | Killed a two-headed ogre
 10078 | D:9      | Found an ornate altar of the Wu Jian Council.
 10225 | D:9      | Found a sparkling altar of Nemelex Xobeh.
 10289 | D:9      | Noticed Erica
 10308 | D:9      | Killed Erica
 10584 | D:9      | Found an iron altar of Okawaru.
 10585 | D:9      | Found a hide-covered altar of Uskayaw.
 10585 | D:9      | Found a snail-covered altar of Cheibriados.
 10588 | D:9      | Became a worshipper of Warmaster Okawaru
 10594 | D:9      | Found a stormy altar of Qazlal.
 10595 | D:9      | Found a hazy altar of Hepliaklqana.
 10760 | D:9      | Gained mutation: You have sharp fingernails. [demonic
                  | ancestry]
 10760 | D:9      | Reached XP level 11. HP: 83/83 MP: 11/11
 10818 | D:9      | Noticed a two-headed ogre
 10827 | D:9      | Killed a two-headed ogre
 10827 | D:9      | Reached skill level 1 in Stealth
 10862 | D:9      | Reached skill level 10 in Shields
 10904 | D:9      | Reached * piety under Okawaru
 11012 | D:9      | Noticed a centaur warrior
 11102 | D:9      | Found a staircase to the Orcish Mines.
 11146 | D:9      | Found Xastibari's Armour Shoppe.
 11220 | D:9      | Killed a centaur warrior
 11220 | D:9      | Reached ** piety under Okawaru
 11437 | D:9      | Found a burning altar of Makhleb.
 11515 | D:10     | Entered Level 10 of the Dungeon
 11516 | D:10     | Found a portal to a secret trove of treasure.
 11576 | D:10     | Found Kuychon's Antique Weapon Shoppe.
 11606 | D:10     | Found Pykedyor's Magic Scroll Shop.
 11617 | D:10     | Bought a scroll of identify for 22 gold pieces
 11619 | D:10     | Identified a scroll of acquirement
 11620 | D:10     | Bought a scroll of identify for 22 gold pieces
 11620 | D:10     | Bought a scroll of identify for 22 gold pieces
 11852 | D:10     | Reached skill level 10 in Long Blades
 11894 | D:10     | Found a runed translucent gate.
 11894 | D:10     | Found a runed translucent gate.
 11894 | D:10     | Found a runed translucent gate.
 11894 | D:10     | Noticed a five-headed hydra
 11908 | D:10     | Killed a one-headed hydra
 11908 | D:10     | Reached *** piety under Okawaru
 11938 | D:10     | Found an opulent altar of Gozag.
 12240 | D:10     | Found Xaetresm's Assorted Antiques.
 12241 | D:10     | Noticed releu's ghost (novice CeWr)
 12421 | D:10     | Found Lack's Book Shoppe.
 12656 | D:11     | Noticed Urug
 12666 | D:11     | Noticed a cyan ugly thing
 12673 | D:11     | Killed Urug
 12690 | D:11     | Killed a cyan ugly thing
 12690 | D:11     | Reached **** piety under Okawaru
 12787 | D:11     | Reached skill level 11 in Shields
 13077 | D:11     | Paralysed by an orc priest for 4 turns
 13103 | D:10     | Reached XP level 12. HP: 66/91 MP: 10/12
 13205 | D:10     | Paralysed by an orc priest for 7 turns
 13216 | D:10     | Received a gift from Okawaru
 13419 | Lair:1   | Entered Level 1 of the Lair of Beasts
 13722 | Lair:1   | Noticed a four-headed hydra
 13733 | Lair:1   | Killed a one-headed hydra
 13787 | Lair:1   | Noticed a five-headed hydra
 13809 | Lair:1   | Killed a one-headed hydra
 13810 | Lair:1   | Reached ***** piety under Okawaru
 14004 | Lair:1   | Received a gift from Okawaru
 14577 | Lair:2   | Reached skill level 12 in Shields
 15495 | Lair:3   | Noticed a four-headed hydra
 15507 | Lair:3   | Killed a one-headed hydra
 15518 | Lair:3   | Found a hole to the Spider Nest.
 15755 | Lair:3   | Found a staircase to the Shoals.
 15783 | Lair:3   | Received a gift from Okawaru
 15978 | Lair:3   | Found a blossoming altar of Fedhas.
 16398 | Lair:4   | Found a gate leading to a gauntlet.
 16407 | Gauntlet | Entered a Gauntlet
 16407 | Gauntlet | Found a transporter.
 16416 | Gauntlet | Found a transporter.
 16418 | Gauntlet | Found a transporter.
 16420 | Gauntlet | Found a transporter.
 16440 | Gauntlet | Found a transporter.
 16442 | Gauntlet | Noticed a catoblepas
 16451 | Gauntlet | Found a transporter.
 16459 | Gauntlet | Found a transporter.
 16479 | Gauntlet | Found a transporter.
 16493 | Gauntlet | Noticed a death scarab
 16494 | Gauntlet | Found a transporter.
 16523 | Gauntlet | Noticed a death scarab
 16528 | Gauntlet | Found a transporter.
 16528 | Gauntlet | Noticed an entropy weaver
 16559 | Gauntlet | Found a transporter.
 16567 | Gauntlet | Found a transporter.
 16590 | Gauntlet | Found a transporter.
 16590 | Gauntlet | Noticed a green death
 16610 | Gauntlet | Found a transporter.
 16610 | Gauntlet | Found a transporter.
 16629 | Gauntlet | Found a transporter.
 16629 | Gauntlet | Noticed a blizzard demon
 16635 | Gauntlet | Found a transporter.
 16685 | Gauntlet | Found a transporter.
 16767 | Gauntlet | Gained mutation: You regenerate magic rapidly. [demonic
                  | ancestry]
 16767 | Gauntlet | Reached XP level 13. HP: 99/99 MP: 13/13
 16781 | Gauntlet | Noticed a stone giant
 16781 | Gauntlet | Noticed a sphinx
 16781 | Gauntlet | a stone giant changed into a sphinx
 16783 | Gauntlet | a sphinx changed into an alligator snapping turtle
 16830 | Gauntlet | Got a scorched brass ring
 16832 | Gauntlet | Identified the ring "Myegaanaonn" {rN+ MR+ rCorr Int+6}
                  | (You found it in a Gauntlet)
 17047 | Gauntlet | Got a polished hat
 17053 | Gauntlet | Identified the +2 hat of the Evening Star {Str+6 Dex+3}
                  | (You found it in a Gauntlet)
 17207 | Gauntlet | Noticed a minotaur
 17218 | Gauntlet | Killed a minotaur
 17218 | Gauntlet | Reached skill level 1 in Invocations
 17227 | Gauntlet | Got a shimmering iron ring
 17230 | Gauntlet | Identified the ring "Bufu" {+Blink rN+ Int+2 Slay+3} (You
                  | found it in a Gauntlet)
 17313 | Lair:4   | Got a transparent golden ring
 17315 | Lair:4   | Identified the ring of Demons {-Tele rPois rF+++ rC+ AC+2}
                  | (You found it on level 4 of the Lair of Beasts)
 17566 | Lair:4   | Received a gift from Okawaru
 17573 | Lair:4   | Got a fine great sword {god gift}
 18126 | Lair:1   | Identified the +4 great sword of Nunnaim {slice, rC++ MR+
                  | Str-2 Dex+3} (Okawaru gifted it to you on level 4 of the
                  | Lair of Beasts)
 18307 | D:11     | Reached skill level 13 in Shields
 18581 | D:11     | Found Yriahax's Gadget Shoppe.
 19238 | D:12     | Found Nosor's Antique Weapon Emporium.
 19312 | D:12     | Noticed Nessos
 19690 | D:12     | Killed Nessos
 19721 | D:12     | Noticed Fannar
 19735 | D:12     | Killed Fannar
 19735 | D:12     | Received a gift from Okawaru
 19840 | D:12     | Noticed a fire dragon
 19863 | D:12     | Noticed a tengu reaver
 19901 | D:11     | Killed a tengu reaver
 19901 | D:11     | Gained mutation: You have very sharp fingernails. [demonic
                  | ancestry]
 19901 | D:11     | Reached XP level 14. HP: 29/108 MP: 1/15
 20580 | D:12     | Noticed Maurice
 20612 | D:12     | Killed Maurice
 20667 | D:12     | Noticed Josephine
 20703 | D:12     | Killed Josephine
 21180 | D:12     | Got a scorched copper ring
 21206 | D:12     | Identified the ring "Ysifair" {rF+ Int+5} (You found it on
                  | level 12 of the Dungeon)
 21297 | D:12     | Found a shadowy altar of Dithmenos.
 21577 | D:10     | Killed releu's ghost
 21704 | Orc:1    | Entered Level 1 of the Orcish Mines
 22239 | Orc:1    | Reached skill level 14 in Shields
 22326 | Orc:2    | Entered Level 2 of the Orcish Mines
 22395 | Orc:2    | Noticed Saint Roka
 22758 | Orc:2    | Killed Saint Roka
 22758 | Orc:2    | Received a gift from Okawaru
 23067 | Orc:2    | Noticed an orc warlord
 23109 | Orc:2    | Killed an orc warlord
 23325 | Orc:2    | Found a roughly hewn altar of Beogh.
 23960 | Orc:2    | Found a staircase to the Elven Halls.
 24030 | Orc:2    | Reached skill level 10 in Fighting
 24032 | Orc:2    | Found Jeikanke's Jewellery Emporium.
 24059 | Orc:2    | Found Lareveuw's Antique Armour Emporium.
 24065 | Orc:2    | Found Haotuin's General Store.
 24072 | Orc:2    | Found Zexoejae's Antique Weapon Emporium.
 24146 | Orc:2    | Bought a glowing double sword for 378 gold pieces
 24155 | Orc:2    | Bought a jewelled falchion for 168 gold pieces
 24157 | Orc:2    | Identified the +9 falchion "Sewec" {vamp, Str+4} (You
                  | bought it in a shop on level 2 of the Orcish Mines)
 24166 | Orc:2    | Bought a twisted long sword for 178 gold pieces
 24168 | Orc:2    | Identified the cursed +2 long sword "Riapt" {freeze, Dex+2
                  | Stlth+} (You bought it in a shop on level 2 of the Orcish
                  | Mines)
 25637 | D:13     | Received a gift from Okawaru
 25650 | D:13     | Reached XP level 15. HP: 114/116 MP: 17/17
 25689 | D:13     | Found a gate to the Vaults.
 25727 | D:13     | Reached skill level 15 in Shields
 26646 | D:14     | Found a runed translucent door.
 26658 | D:14     | Noticed terminal's ghost (journeyman MiBe)
 26692 | D:14     | Killed terminal's ghost
 27681 | Lair:5   | Found a runed translucent door.
 27682 | Lair:5   | Found a viscous altar of Jiyva.
 27682 | Lair:5   | Found a staircase to the Slime Pits.
 27713 | Lair:5   | Got a translucent spear
 28077 | Lair:6   | Entered Level 6 of the Lair of Beasts
 28341 | Lair:6   | Received a gift from Okawaru
 28527 | Lair:6   | Reached skill level 16 in Shields
 29463 | D:15     | Entered Level 15 of the Dungeon
 29480 | D:15     | Received a gift from Okawaru
 29492 | D:15     | Identified the +5 spear "Cauff" {pierce, +Rage Str+2
                  | Stlth-} (You found it on level 5 of the Lair of Beasts)
 29514 | D:15     | Paralysed by a great orb of eyes for 4 turns
 29548 | D:15     | Reached ****** piety under Okawaru
 29797 | D:15     | Reached skill level 10 in Armour
 29861 | D:15     | Reached XP level 16. HP: 125/125 MP: 18/18
 29893 | D:15     | Found a staircase to the Depths.
 29937 | D:15     | Paralysed by a floating eye for 4 turns
 30051 | D:15     | Got a smoking great sword
 30073 | D:15     | Found Tukli's Magic Scroll Emporium.
 30117 | D:15     | Got a warped jade ring
 30123 | D:15     | Identified the ring "Hisinin" {*Tele rC++ Stlth+} (You
                  | found it on level 15 of the Dungeon)
 30127 | D:15     | Identified the +8 great sword of Qazlal's Fury {antimagic,
                  | *Drain +Fly Str+9} (You found it on level 15 of the
                  | Dungeon)
 30197 | D:15     | Received a gift from Okawaru
 30215 | D:15     | Found Ydeilab's Weapon Emporium.
 30256 | D:15     | Noticed Azrael
 30317 | D:15     | Killed Azrael
 30326 | D:15     | Got a faintly glowing iron ring
 30327 | D:15     | Identified the ring "Juacop" {rElec rN++ Str+2 Stlth-} (You
                  | found it on level 15 of the Dungeon)
 30615 | D:15     | Found Koyronu's Magic Scroll Emporium.
 30631 | D:15     | Bought a scroll of magic mapping for 49 gold pieces
 30631 | D:15     | Bought a scroll of magic mapping for 49 gold pieces
 30695 | D:15     | Got a glittering marble ring
 30701 | D:15     | Identified the cursed ring of the Coward {Int-3 Dex+3
                  | Stlth+} (You found it on level 15 of the Dungeon)
 31035 | Spider:1 | Entered Level 1 of the Spider Nest
 31144 | Spider:1 | Reached skill level 17 in Shields
 31368 | Spider:1 | Received a gift from Okawaru
 32686 | Spider:2 | Reached skill level 15 in Long Blades
 33027 | Spider:2 | Gained mutation: You are partially covered in molten
                  | scales. (AC +2) [demonic ancestry]
 33027 | Spider:2 | Reached XP level 17. HP: 133/133 MP: 20/20
 33334 | Spider:3 | Noticed Mara
 33343 | Spider:3 | Noticed Peloso's illusion
 33361 | Spider:3 | Killed Mara
 33361 | Spider:3 | Received a gift from Okawaru
 33361 | Spider:3 | Reached skill level 18 in Shields
 33364 | Spider:3 | Got a smelly chain mail {god gift}
 33378 | Spider:3 | Identified the +8 chain mail "Jybeycwomy" {rN+ rCorr
                  | Stlth+} (Okawaru gifted it to you on level 3 of the Spider
                  | Nest)
 33379 | Spider:3 | Got a bone quarterstaff
 33380 | Spider:3 | Identified the cursed +2 quarterstaff of Death {freeze,
                  | rF+} (You found it on level 3 of the Spider Nest)
 34320 | Spider:4 | Entered Level 4 of the Spider Nest
 34418 | Spider:4 | Reached skill level 1 in Evocations
 34546 | Spider:4 | Noticed Bai Suzhen
 34549 | Spider:4 | Noticed Arachne
 34776 | Spider:3 | Killed Arachne
 34985 | Spider:3 | Killed Bai Suzhen
 35094 | Spider:3 | Received a gift from Okawaru
 35106 | Spider:3 | Got a pair of jewelled gloves {god gift}
 35117 | Spider:3 | Identified the +2 pair of gloves "Zaas" {rC++ rCorr Dex+4}
                  | (Okawaru gifted it to you on level 3 of the Spider Nest)
 36559 | Spider:4 | Got a gossamer rune of Zot
 37050 | Shoals:1 | Entered Level 1 of the Shoals
 37199 | Shoals:1 | Gained mutation: You have claws for hands. [demonic
                  | ancestry]
 37199 | Shoals:1 | Reached XP level 18. HP: 142/142 MP: 21/21
 37275 | Shoals:1 | Reached skill level 19 in Shields
 37347 | Shoals:1 | Received a gift from Okawaru
 37347 | Shoals:1 | Reached skill level 5 in Dodging
 38205 | Shoals:2 | Identified the Incunabulum of the Unholy Mountains
 38655 | Shoals:2 | Found Pipnu's General Store.
 39225 | Shoals:3 | Received a gift from Okawaru
 39238 | Shoals:3 | Killed from afar by a wind drake

Levels and vault maps discovered:
D:1:      lemuel_arrival_hallway, layout_basic
D:2:      layout_basic, kiku_gazebo_pond_becter, chequers_ecumenical_altar_grove
D:3:      cheibrodos_helix_gallery, layout_basic, zin_angel,
          kennysheep_generic_room_7, uniq_natasha
D:4:      layout_rooms, first_ration, kennysheep_boxes, uniq_duvessa,
          uniq_crazy_yiuf_cottage
D:5:      layout_cave_pools, serial_undead, serial_undead_a, serial_undead_d,
          serial_undead_d, serial_undead_e, cheibrodos_sewer_entry_sluice,
          minmay_misc_feat_square, uniq_pikel, uniq_ijyb
D:6:      layout_loops_ring, xom_butterflies, nicolae_overflow_hidden_temple,
          chequers_ossuary_entry_cave, uniq_menkaure, uniq_sigmund, uniq_edmund
D:7:      layout_loops_ring, grunt_dithmenos_shadows,
          minmay_temple_entry_junction
D:8:      minmay_spotlight, layout_cave_pods, lair_entry_dummy, special_room
          [special_room_kobold]
D:9:      minmay_imperfect_grid, layout_stronghold, kennysheep_mini_moat,
          nemelex_xobeh_ov_fountains_minmay, demons_altar, minitemple,
          orc_david_3, uniq_erica
D:10:     layout_roguey, ebering_ghost_gozag, serial_aquarium,
          aquarium_bridge_square [aquarium_subvault_wall,
          aquarium_subvault_bridge, aquarium_subvault_bridge,
          aquarium_subvault_bridge], aquarium_window_fake,
          aquarium_window_corner, aquarium_view_2c, aquarium_balcony_3b,
          enter_trove_0, serial_shops, nicolae_shop_statue_plus, shop,
          nicolae_shop_waterfront, hangedman_little_slice_of_home
D:11:     layout_big_octagon, serial_shops, nicolae_shop_stone,
          introduction_to_nature_2, uniq_urug
D:12:     minmay_the_grid_net [minmay_the_grid_x, minmay_the_grid_garden,
          minmay_the_grid_diamond_grid, minmay_the_grid_minigrid_large,
          minmay_the_grid_expand, minmay_the_grid_prize_diamond_cup],
          layout_cave_pools, basic_altar, serial_shops, shop,
          kennysheep_diamond, uniq_fannar, uniq_nessos, uniq_josephine,
          uniq_maurice
D:13:     layout_basic, grunt_vaults_entry_tiered
D:14:     layout_basic, ebering_ghost_reflecting_pool
D:15:     hangedman_spin_cycle
Temple:   nicolae_temple_figure_zero
Lair:1:   layout_gridlike, beast_lair_carwin_10, infiniplex_staircase_pool_2,
          lemuel_fruit_fields
Lair:2:   layout_cave_pods, grunt_megastairs_3
Lair:3:   layout_cave_pods, elwin_shoals_entry_rocks, dummy_spider_entry,
          basic_altar, nicolae_quartered_pool_little
Lair:4:   layout_concentric_octagons, gauntlet_entry_generic, nzn_random_ring
Lair:5:   layout_cave_shapes, slime_altar_2, lemuel_fruit_tree
Lair:6:   grunt_lair_end_beastmaster, layout_regular_city,
          nicolae_lair_yak_garden
Shoals:1: layout_shoals, argonaut_gorgonesque
Shoals:2: layout_shoals, serial_shops,
          nicolae_shop_temple_entry_statues_fountains
Shoals:3: nzn_motion_control, layout_shoals
Spider:1: layout_spider_delve
Spider:2: layout_spider_delve
Spider:3: layout_spider_delve, uniq_mara
Spider:4: johnstein_spider_rune_arachne_lair, uniq_bai_suzhen
Orc:1:    layout_diamond_mine, nooodl_orcs_dogs
Orc:2:    grunt_orc_cross, layout_caves, uniq_saint_roka

Skill      XL: |  1  2  3  4  5  6  7  8  9 10 11 12 13 14 15 16 17 18 |
---------------+-------------------------------------------------------+-----
Long Blades    | 2 3 4 5 6 8 9 10 12 13 14 15 | 15.4
Shields        | 3 4 5 6 7 9 11 12 13 14 16 17 18 19 | 19.4
Armour         | 3 4 5 6 7 8 9 10 11 | 11.9
Dodging        | 1 2 3 4 5 |  5.4
Fighting       | 4 5 6 7 8 9 10 11 12 | 12.9
Stealth        | 1 3 |  3.0
Invocations    | 2 3 4 |  4.5
Evocations     | 1 |  1.0

Action                   |  1- 3 |  4- 6 |  7- 9 | 10-12 | 13-15 | 16-18 || total
-------------------------+-------+-------+-------+-------+-------+-------++-------
Melee: Long sword        |    55 |    66 |   920 |       |       |       ||  1041
       Falchion          |       |       |       |   400 |   866 |  1785 ||  3051
       Scimitar          |       |       |       |   747 |   974 |    31 ||  1752
       Unarmed           |       |       |       |       |     1 |       ||     1
Invok: Heroism           |       |       |       |     5 |    22 |     8 ||    35
       Finesse           |       |       |       |       |     3 |     1 ||     4
Evoke: Wand              |       |     3 |     2 |       |       |     6 ||    11
  Use: Potion            |     5 |       |     4 |     4 |     8 |     8 ||    29
       Scroll            |     1 |       |    10 |    14 |    12 |    10 ||    47
 Stab: Petrified         |       |       |       |       |    10 |       ||    10
       Distracted        |       |       |       |       |     1 |     1 ||     2
  Eat: Chunk             |       |     3 |    12 |    24 |    37 |    78 ||   154
       Ration            |       |       |     2 |     3 |     2 |     1 ||     8
Armor: Scale mail        |    28 |    21 |   176 |       |       |       ||   225
       Skin              |       |       |    13 |       |       |       ||    13
       Chain mail        |       |       |   105 |    13 |       |   532 ||   650
       Plate armour      |       |       |       |   332 |   526 |   465 ||  1323
Dodge: Dodged            |    15 |    21 |   126 |    99 |   214 |   648 ||  1123
Block: Shield            |    29 |    32 |     7 |       |     8 |  2439 ||  2515
       Large shield      |       |       |   841 |  1206 |  2044 |       ||  4091
       Reflection        |       |       |     4 |    31 |    68 |    53 ||   156
       Rpst.: Long sword |     6 |     7 |    44 |       |       |       ||    57
       Falchion          |       |       |       |    11 |    18 |   113 ||   142
       Scimitar          |       |       |       |    16 |    26 |     2 ||    44
